AoeStats
← YouveFoundJonny

Nomad

507749050Analyzed
3v3 RM · 13d ago on Sep 19, 2026· 28m 26s· 6 players
Game mode
Random Map
Map size
210×210
Population
200
Speed
Normal
Resources
Standard
Victory
Conquest
Starting age
Dark Age
Ending age
Imperial Age
RankedLock teamsTeams togetherTeam positionsShared explorationLock speedFull tech treeHidden civsTurbo modeCheats
Victory
Defeat
🇪🇸 Mongols · Spain
1368
+14
🇪🇸 Lithuanians · Spain
1360
+14
🇧🇷 Koreans · Brazil
1321
+16
🇳🇱 Sicilians · Netherlands
1350
-17
🇬🇧 Chinese · United Kingdom
1316
-14
🇬🇧 Gurjaras · United Kingdom
1276
-13
MISTER COLLEJAS
6:14 Loom
13:53 Feudal Age
14:30 Town Watch
14:47 Fishing Lines
17:36 Castle Age
16:07 Double-Bit Axe
16:30 Scale Barding Armor
16:36 Forging
16:41 Bloodlines
18:33 Gillnets
28:41 Bow Saw
ztarug93
2:59 Loom
14:39 Feudal Age
15:19 Double-Bit Axe
19:49 Fletching
22:05 Castle Age
21:04 Gold Mining
21:02 Fishing Lines
21:09 Horse Collar
23:04 Medium Warships
22:51 Bodkin Arrow
23:09 Bow Saw
24:14 Padded Archer Armor
28:06 Thumb Ring
Catiorão
4:35 Loom
13:56 Feudal Age
14:32 Double-Bit Axe
14:56 Fishing Lines
19:03 Castle Age
17:48 Stone Mining
17:54 Fletching
22:17 Bow Saw
23:37 Wheelbarrow
24:02 Bodkin Arrow
27:17 Gillnets
YouveFoundJonny
6:47 Loom
16:01 Feudal Age
20:40 Castle Age
23:28 Double-Bit Axe
26:20 Bow Saw
25:52 Horse Collar
26:30 Scale Barding Armor
26:56 Husbandry
WignerSeitz
12:33 Loom
14:46 Feudal Age
18:38 Castle Age
20:41 Fletching
Ditters
8:13 Loom
13:36 Feudal Age
18:08 Castle Age
17:07 Bloodlines
17:24 Double-Bit Axe
18:22 Scale Barding Armor
19:37 Chain Barding Armor
21:09 Bow Saw
22:48 Horse Collar
24:54 Town Watch
Connection lost

Rejoining the realm…

Still unreachable

The connection could not be restored.

Session expired

The server has moved on; the page needs a fresh start.